 Dungeon Crawl Stone Soup version 0.30-b1-2-g02819fbbbe (webtiles) character file.

Game seed: 388250430931439752

56 raph the Grasshopper (level 3, 0/29 HPs)
             Began as a Draconian Warper on June 14, 2023.
             Killed by nerve-wracking pain
             ... invoked by Jessica
              (12 damage)
             ... on level 3 of the Dungeon.
             The game lasted 00:02:13 (1733 turns).

raph the Grasshopper (Draconian Warper)             Turns: 1733, Time: 00:02:14

Health: 0/29       AC:  8    Str: 13    XL:     3   Next: 71%
Magic:  6/6        EV: 12    Int: 15    God:
Gold:   71         SH:  0    Dex: 10    Spells: 1/6 levels left

rFire   . . .        a - +1 falchion
rCold   . . .        (no shield)
rNeg    . . .        (body armour unavailable)
rPois   .            (helmet restricted)
rElec   .            (no cloak)
rCorr   .            e - +2 pair of gloves
SInv    .            (no boots)
Will    .....        (no amulet)
Stlth   +            (no ring)
HPRegen 0.24/turn    (no ring)
MPRegen 0.10/turn

%: no passive effects
@: no status effects
A: AC +5, unfitting armour, cold-blooded
a: no special abilities


You were on level 3 of the Dungeon.
You visited 1 branch of the dungeon, and saw 3 of its levels.

You collected 71 gold pieces.

Inventory:

Hand Weapons
 a - a +1 falchion (weapon)
Missiles
 c - 7 boomerangs of dispersal (quivered)
 m - a throwing net
Armour
 e - a +2 pair of gloves (worn)
Jewellery
 n - an amulet of faith
Scrolls
 b - a scroll of blinking
 g - a scroll of amnesia
 l - 3 scrolls of teleportation
Potions
 d - a potion of degeneration {unknown}
 f - a potion of haste {unknown}
 i - a potion of mutation
 p - 3 potions of curing


   Skills:
 - Level 2.1 Fighting
 * Level 3.0 Long Blades
 - Level 0.8 Throwing
 - Level 2.1 Dodging
 + Level 2.3 Spellcasting
 * Level 3.7 Translocations
 + Level 0.4 Air Magic


You had one spell level left.
You knew the following spells:

 Your Spells              Type           Power      Damage    Failure   Level
a - Blink                 Tloc           24%        N/A       7%          2
b - Vhi's Electric Charg  Tloc/Air       14%        N/A       28%         3

Your spell library contained the following spells:

 Spells                   Type           Power      Damage    Failure   Level
 Lesser Beckoning         Tloc           24%        N/A       7%          2
 Teleport Other           Tloc           12%        N/A       14%         3
 Manifold Assault         Tloc           12%        N/A       43%         4


Dungeon Overview and Level Annotations

Branches:
Dungeon (3/15)

Altars:

Annotations:
D:3 Jessica


Innate Abilities, Weirdness & Mutations

Your plain brown scales are hard. (AC +5)
You cannot fit into any form of body armour.
You are cold-blooded and may be slowed by cold attacks.


Message History

Things that are here:
a +0 club; a goblin corpse
Found a stone staircase leading up.
g - a scroll of amnesia
Found a ring mail.
Found a mace.
Found a robe.
l - 3 scrolls of teleportation (gained 1)
There is an open door here.
A kobold comes into view. It is wielding a +0 short sword.
Found a scroll of noise.
The kobold shouts!
You hit the kobold.
You kill the kobold!
Found a stone.
You see here a stone.
You see here 4 stones.
Done exploring.
Done exploring.
There is a stone staircase leading down here.
You climb downwards.
There is a stone staircase leading up here.
Jessica the Apprentice Sorceress comes into view.
She is wielding a +0 club.
Jessica shouts!
Jessica mumbles something strange.
Found a scroll labelled FOEW HUCIKIUR.
Jessica casts a spell at you. You resist with some effort.
Cast which spell? (? or * to list)
Okay, then.
Jessica hits you with a +0 club.
You hit Jessica.
Your tail-slap misses Jessica.
Jessica is heavily wounded.
Jessica casts a spell at you. Pain shoots through your body!
You barely miss Jessica.
Jessica is heavily wounded.
Jessica gestures at you while chanting. Pain shoots through your body!
You die...

# #. .####
?.. #@#
#@## .
###..#....
#......#
#<##.###
#..# .#
#.## .# #.
.. .. ##
#.#


You could see Jessica.

Vanquished Creatures
  A gnoll (D:1)
  A worm (D:2)
  4 dart slugs (D:1)
  3 bats (D:1)
  4 endoplasms (D:1)
  2 giant cockroaches (D:1)
  3 goblins
  4 hobgoblins
  2 jackals (D:2)
  3 ball pythons (D:1)
  2 frilled lizards
  3 kobolds
  2 rats (D:1)
34 creatures vanquished.

Notes
Turn   | Place    | Note
-------+----------+-------------------------------------------
     0 | D:1      | raph the Draconian Warper began the quest for the Orb.
     0 | D:1      | Reached XP level 1. HP: 17/17 MP: 3/3
   158 | D:1      | Reached XP level 2. HP: 18/24 MP: 5/5
   191 | D:1      | Learned a level 2 spell: Blink
   519 | D:1      | Found a faded altar of an unknown god.
   526 | D:1      | Reached XP level 3. HP: 29/29 MP: 6/6
   530 | D:1      | Learned a level 3 spell: Vhi's Electric Charge
  1729 | D:3      | Noticed Jessica
  1733 | D:3      | Killed from afar by Jessica

Illustrated notes

Levels and vault maps discovered:
D:1:      dpeg_arrival_fog, layout_loops_ring,
          hellmonk_ecumenical_altar_leap_of_faith
D:2:      layout_basic, serial_glass, glass_columns_b, glass_columns_a,
          minmay_strange_pillars, item_on_display_a
D:3:      layout_rooms, uniq_jessica

Skill      XL: |  1  2  3 |
---------------+----------+-----
Long Blades    | 3 |  3.0
Fighting       | |  2.1
Throwing       | |  0.8
Dodging        | |  2.1
Spellcasting   | |  2.3
Translocations | |  3.7
Air Magic      | |  0.4

Action                     || total
---------------------------++-------
  Melee: Falchion          ||   102
         Tailslap          ||    11
    Use: Scroll            ||     9
 Armour: Skin              ||    32
  Dodge: Dodged            ||    58
